 Dungeon Crawl Stone Soup version 0.19.1 (webtiles) character file.

324 Peloso the Covered (level 6, -3/48 HPs)
             Began as a Demonspawn Fighter on Dec 18, 2016.
             Killed from afar by an orc (29 damage)
             ... with a wand of lightning
             ... on level 4 of the Dungeon.
             The game lasted 00:09:40 (2093 turns).

Peloso the Covered (Demonspawn Fighter)             Turns: 2093, Time: 00:09:41

Health: -3/48      AC: 11    Str: 16    XL:     6   Next: 23%
Magic:  6/6        EV:  4    Int: 13    God:
Gold:   198        SH:  9    Dex: 14    Spells: 0 memorised, 5 levels left

rFire  . . .     SeeInvis .     a - +0 long sword
rCold  . . .     Gourm    .     t - +0 chain mail
rNeg   . . .     Faith    .     c - +0 shield
rPois  .         Spirit   .     j - +2 hat
rElec  .         Reflect  .     (no cloak)
rCorr  .         Harm     .     (no gloves)
MR     .....                    (no boots)
Stlth  ..........               (no amulet)
                                y - -2 ring of strength (curse)
                                k - +3 ring of intelligence

@: lethally poisoned (-3 -> -5)
A: horns 1, thin skeletal structure 1, powered by pain 1
a: no special abilities


You were on level 4 of the Dungeon.
You were very hungry.

You visited 2 branches of the dungeon, and saw 5 of its levels.

You collected 198 gold pieces.

Inventory:

Hand Weapons
 a - a +0 long sword (weapon)
Armour
 b - a +0 scale mail
 c - a +0 shield (worn)
 j - a +2 hat (worn)
 t - a +0 chain mail (worn)
Jewellery
 k - a +3 ring of intelligence (left hand)
 n - a +3 ring of intelligence
 y - a cursed -2 ring of strength (right hand)
Scrolls
 m - 3 scrolls of teleportation
 o - a scroll of recharging {unknown}
 p - 2 scrolls of enchant weapon {unknown}
 q - a scroll of fear {unknown}
 s - a scroll of random uselessness {unknown}
 u - a scroll of remove curse {unknown}
Potions
 d - a potion of might
 e - 2 potions of curing
 i - a potion of lignification {unknown}
 v - 2 potions of heal wounds
 w - a potion of experience
 x - a potion of agility
 A - a potion of degeneration {unknown}
 B - a potion of ambrosia {unknown}
Comestibles
 f - 4 bread rations
 g - 2 slices of pizza
 h - 2 fruits
 r - 2 royal jellies


   Skills:
 + Level 3.7 Fighting
 + Level 3.6 Long Blades
 + Level 4.0 Armour
 + Level 0.3 Dodging
 + Level 3.9 Shields


You had 5 spell levels left.
You didn't know any spells.

Dungeon Overview and Level Annotations

Branches:
Dungeon (4/15)             Temple (1/1) D:4

Altars:
Cheibriados
Dithmenos
Elyvilon
Fedhas
Gozag
Hepliaklqana
Kikubaaqudgha
Nemelex Xobeh
Okawaru
Ru
Uskayaw
Vehumet
Xom
Yredelemnul
Zin
The Shining One


Innate Abilities, Weirdness & Mutations

You have a pair of small horns on your head.
You have a somewhat thin skeletal structure. (Dex +2, Stealth)
You sometimes gain a little power by taking damage.


Message History

Your headbutt misses the worker ant.
The worker ant is heavily wounded.
You feel sick. You block the worker ant's attack.
The worker ant barely misses you.
You closely miss the worker ant.
The worker ant is heavily wounded.
You feel sick. The worker ant bites you.
You hit the worker ant.
You headbutt the worker ant, but do no damage.
The worker ant is severely wounded.
The worker ant bites you but does no damage. x2
You closely miss the worker ant.
The worker ant is severely wounded.
You feel sick. The worker ant bites you.
You slash the worker ant!
You kill the worker ant!
You feel sick.
The orc throws a stone.
You block the stone.
The orc zaps a wand.
The bolt of lightning hits you!
Ouch! That really hurt!
You die...

,,,,,,#........#.#.#######.#...#*
******#........###.#.....#.#####
* #......(.###.#.#)#.#.###### *
#......(...#...#.#[..#....< *
#......(.#######(#####..### *
#......(.###..,#(#...#..# *
#......o.oo#,#.#(#.#.#..### *****
#......(o#†#,#...(.#.#.>... ,,,,*
#.....aoo#@#,#######.#..##. ,,,,*
##.....)o#.#,,,*,*#......#, ,,,,*
#.......#.#*,,*,*#......#, ,****
#.......#.#*,>,,*####.#.#, ,*
#.......#..,,,,,,,,,....#, **
#.......###*,,,,,,**#.###, *
#.......#***,,,,,,*,...,*, *
########.,,,,,*****,#.#,*, *
*,,,,,,* *,*.#,**


You could see 2 orcs.

Vanquished Creatures
  A sky beast (D:4)
  A hound (D:4)
  An orc wizard (D:3)
  2 worker ants (D:4)
  A hound skeleton (D:4)
  An adder (D:2)
  2 worms (D:2)
  A dart slug (D:1)
  13 orcs
  3 ball pythons
  8 bats
  5 giant cockroaches
  5 goblins
  5 hobgoblins
  5 jackals (D:1)
  A quokka (D:3)
  4 frilled lizards
  12 kobolds
  8 rats
79 creatures vanquished.

Vanquished Creatures (others)
  An orc (D:4)
1 creature vanquished.

Grand Total: 80 creatures vanquished

Notes
Turn   | Place    | Note
-------+----------+-------------------------------------------
     0 | D:1      | Peloso the Demonspawn Fighter began the quest for the Orb.
     0 | D:1      | Reached XP level 1. HP: 18/18 MP: 1/1
    50 | D:1      | Reached skill level 3 in Armour
    50 | D:1      | Gained mutation: You have a somewhat thin skeletal structure. (Dex +2, Stealth) [demonic ancestry]
    50 | D:1      | Reached XP level 2. HP: 24/24 MP: 2/2
   296 | D:1      | Gained mutation: You have a pair of small horns on your head. [demonic ancestry]
   296 | D:1      | Reached XP level 3. HP: 29/29 MP: 3/3
   900 | D:2      | Reached XP level 4. HP: 32/35 MP: 4/4
  1413 | D:4      | Found a staircase to the Ecumenical Temple.
  1430 | D:4      | Reached XP level 5. HP: 23/41 MP: 5/5
  1698 | D:4      | Noticed a sky beast
  1730 | D:4      | Killed a sky beast
  1730 | D:4      | Reached skill level 4 in Armour
  1730 | D:4      | Gained mutation: You sometimes gain a little power by taking damage. [demonic ancestry]
  1730 | D:4      | Reached XP level 6. HP: 17/47 MP: 6/6
  1944 | Temple   | Entered the Ecumenical Temple
  2093 | D:4      | Killed from afar by an orc

Skill      XL: |  1  2  3  4  5 |
---------------+----------------+-----
Armour         | 3 4 |  4.0
Long Blades    | 2 3 |  3.6
Shields        | 3 |  3.9
Fighting       | |  3.7
Dodging        | |  0.3

Action                   |  1- 3 |  4- 6 || total
-------------------------+-------+-------++-------
Melee: Long sword        |   108 |   158 ||   266
       Headbutt          |    10 |    24 ||    34
  Use: Scroll            |       |     6 ||     6
       Potion            |       |     1 ||     1
  Eat: Chunk             |       |     3 ||     3
Armor: Scale mail        |    82 |       ||    82
       Chain mail        |    12 |   137 ||   149
Dodge: Dodged            |    48 |    29 ||    77
Block: Shield            |    96 |    80 ||   176
       Rpst.: Long sword |    17 |     8 ||    25
